 Dungeon Crawl Stone Soup version 0.27.1-4-g1640c2035a (webtiles) character file.

Game seed: 9801968615480460544

234 McKennaii the Poker (level 5, -1/42 HPs)
             Began as a Demonspawn Fighter on Nov 12, 2021.
             Was an Initiate of Makhleb.
             Blown up by Ijyb (8 damage)
             ... with a mindburst bolt
             ... on level 3 of the Dungeon.
             The game lasted 00:04:35 (4036 turns).

McKennaii the Poker (Demonspawn Fighter)            Turns: 4036, Time: 00:04:35

Health: -1/42      AC:  7    Str: 17    XL:     5   Next: 75%
Magic:  5/5        EV:  7    Int: 10    God:    Makhleb [......]
Gold:   116        SH:  9    Dex: 12    Spells: 4/4 levels left

rFire    . . .     SeeInvis .   a - +1 trident
rCold    . . .     Faith    .   c - +0 kite shield
rNeg     . . .     Spirit   .   b - +0 scale mail
rPois    .         Reflect  .   (no helmet)
rElec    .         Harm     .   (no cloak)
rCorr    .         Rampage  .   (no gloves)
Will     .....                  (no boots)
Stlth    ..........             o - amulet of the acrobat
HPRegen  0.14/turn              (no ring)
MPRegen  0.09/turn              (no ring)

@: no status effects
A: powered by pain 1, sharp scales 1
a: Renounce Religion


You were on level 3 of the Dungeon.
You worshipped Makhleb.
Makhleb was noncommittal.
You visited 1 branch of the dungeon, and saw 3 of its levels.

You collected 116 gold pieces.

Inventory:

Hand Weapons
 a - a +1 trident (weapon)
Missiles
 r - a throwing net (quivered)
Armour
 b - a +0 scale mail (worn)
 c - a +0 kite shield (worn)
Jewellery
 h - a ring of ice
 o - an amulet of the acrobat (around neck)
Wands
 t - a wand of charming (11)
Scrolls
 e - a scroll of holy word
 i - a scroll of noise {unknown}
 m - 3 scrolls of identify
 p - a scroll of amnesia {unknown}
 u - a scroll of fog {unknown}
 v - a scroll of acquirement {unknown}
Potions
 d - a potion of might
 f - a potion of attraction {unknown}
 g - 2 potions of brilliance {unknown}
 k - 2 potions of degeneration {unknown}
 l - a potion of cancellation {unknown}
 n - 2 potions of curing {unknown}
 q - 3 potions of lignification {unknown}
 s - a potion of flight {unknown}


   Skills:
 + Level 3.7 Fighting
 * Level 4.1 Polearms
 + Level 3.4 Armour
 + Level 0.2 Dodging
 + Level 0.2 Stealth
 + Level 3.3 Shields


You had 4 spell levels left.
You didn't know any spells.
Your spell library contained the following spells:

 Spells                   Type           Power      Damage    Failure   Level
 Shock                    Conj/Air       0%         1d3       99%         1
 Swiftness                Air            0%         N/A       100%        3
 Airstrike                Air            0%         N/A       100%        4


Dungeon Overview and Level Annotations

Branches:
Dungeon (3/15)

Altars:
Kikubaaqudgha
Makhleb
Qazlal
Wu Jian

Annotations:
D:3 Ijyb


Innate Abilities, Weirdness & Mutations

You sometimes gain a little power by taking damage.
You are partially covered in razor-sharp scales. (AC +1, Slay +1)


Message History

The Executioner gives a hideous shriek!
The hellwing gives a chilling moan.
The smoke demon roars!
There is a burning altar of Makhleb here.
You kneel at the altar of Makhleb.
Makhleb welcomes you!
Unknown command.
Press < or > to pray at altars.
There is a burning altar of Makhleb here.
Failed to move towards target.
Failed to move towards target.
There is a stone staircase leading up, spattered with blood here.
Ijyb is nearby!
Ijyb shouts!
Ijyb zaps a wand.
Your mind is blasted!
Ouch! That really hurt!
Reach: a) +1 trident
Press: ? - help, Dir - move target, f - Ijyb
Aim: Ijyb, wielding a +0 club, wearing a +0 chain mail and carrying a wand of mindburst (8) (about 38% to evade your +1 trident)
Okay, then.
You hit Ijyb.
Ijyb is lightly wounded.
You block Ijyb's attack.
You barely miss Ijyb.
Ijyb is lightly wounded.
Ijyb hits you with a +0 club.
You closely miss Ijyb.
Ijyb is lightly wounded.
Ijyb hits you but does no damage. Ijyb hits you with a +0 club.
You hit Ijyb.
Ijyb is lightly wounded.
Ijyb hits you but does no damage.
You hit Ijyb.
Ijyb is lightly wounded.
Ijyb hits you but does no damage.
You hit Ijyb but do no damage.
Ijyb is lightly wounded.
Ijyb hits you with a +0 club.
* * * LOW HITPOINT WARNING * * *
Ijyb zaps a wand.
Your mind is blasted!
You die...

#.........# #.........#
##........####.......##
4#............<.......#
####....).###.........#
_.........# #.........#
####......# #.........# 3#
#####.## #.........######## ###
#....# ##.........#.....##
..###.#########g@...##........##
..>##.##.......###..##.........#
...#..##......)##..............#
...............#..#.....#......#
...............................#
.....(.........##...#.#..(.....#
.........................)....##
...)...........##...#.#........#
.........................>.....#


You could see Ijyb.

Vanquished Creatures
  An ogre (D:2)
  An orc priest (D:3)
  Jessica (D:3)
  2 adders (D:3)
  3 worms
  3 dart slugs
  5 orcs (D:3)
  7 ball pythons
  3 bats
  5 endoplasms
  2 giant cockroaches
  5 goblins
  5 hobgoblins
  3 jackals (D:1)
  7 frilled lizards
  3 kobolds
  4 rats
60 creatures vanquished.

Notes
Turn   | Place    | Note
-------+----------+-------------------------------------------
     0 | D:1      | McKennaii the Demonspawn Fighter began the quest for the
                  | Orb.
     0 | D:1      | Reached XP level 1. HP: 18/18 MP: 1/1
   147 | D:1      | Found a faded altar of an unknown god.
   201 | D:1      | Gained mutation: You sometimes gain a little power by
                  | taking damage. [demonic ancestry]
   201 | D:1      | Reached XP level 2. HP: 24/24 MP: 2/2
   562 | D:1      | Reached skill level 2 in Polearms
  1184 | D:2      | Reached XP level 3. HP: 28/29 MP: 3/3
  1843 | D:3      | Noticed an ogre
  2161 | D:3      | Reached XP level 4. HP: 28/35 MP: 4/4
  2467 | D:3      | Found an ancient bone altar of Kikubaaqudgha.
  2468 | D:3      | Found an ornate altar of the Wu Jian Council.
  2469 | D:3      | Found a stormy altar of Qazlal.
  2493 | D:3      | Reached skill level 3 in Polearms
  2728 | D:3      | Noticed Jessica
  2745 | D:3      | Killed Jessica
  3077 | D:3      | Gained mutation: You are partially covered in razor-sharp
                  | scales. (AC +1, Slay +1) [demonic ancestry]
  3077 | D:3      | Reached XP level 5. HP: 6/41 MP: 5/5
  3421 | D:2      | Killed an ogre
  3422 | D:2      | Reached skill level 4 in Polearms
  3643 | D:3      | Found a burning altar of Makhleb.
  3645 | D:3      | Noticed an Executioner
  3649 | D:3      | Noticed a hellwing
  3649 | D:3      | Noticed a smoke demon
  3678 | D:3      | Noticed Ijyb
  4004 | D:3      | Became a worshipper of Makhleb the Destroyer
  4036 | D:3      | Blown up by Ijyb

Illustrated notes

Levels and vault maps discovered:
D:1:      dpeg_arrival_court, layout_loops_corners,
          shapermc_ecumenical_altar_pompeii
D:2:      layout_loops_ring
D:3:      layout_rooms, chequers_temple_overflow_statue_of_worship,
          makhleb_altar_promises_db, st_stairs_2, uniq_jessica, uniq_ijyb

Skill      XL: |  1  2  3  4  5 |
---------------+----------------+-----
Polearms       | 2 3 4 |  4.1
Armour         | 3 |  3.4
Shields        | 3 |  3.3
Fighting       | |  3.7
Dodging        | |  0.2
Stealth        | |  0.2

Action                   |  1- 3 |  4- 6 || total
-------------------------+-------+-------++-------
Melee: Trident           |   135 |    96 ||   231
  Use: Scroll            |       |     3 ||     3
Armor: Scale mail        |    45 |    32 ||    77
Dodge: Dodged            |    47 |    33 ||    80
Block: Kite shield       |    58 |    42 ||   100
